 Dungeon Crawl Stone Soup version 0.28-a0-863-g8cecda6153 (webtiles) character file.

Game seed: 16860747992516344444

52158 siradein the Severer (level 14, -8/107 (133) HPs)
             Began as a Hill Orc Fighter on Nov 19, 2021.
             Was an Elder of Beogh.
             Mangled by a manticore (11 damage)
             ... on level 12 of the Dungeon.
             The game lasted 01:20:12 (20145 turns).

siradein the Severer (Hill Orc Fighter)            Turns: 20145, Time: 01:20:13

HP:   -8/107 (133)  AC: 18    Str: 23    XL:     14   Next: 62%
MP:   19/23         EV: 10    Int: 12    God:    Beogh [****..]
Gold: 1230          SH: 16    Dex: 21    Spells: 13/13 levels left

rFire   . . .      SeeInvis +   E - +11 trident of Evolution {holy, Int+4}
rCold   . . .      Faith    +   e - +2 kite shield
rNeg    . . .      Spirit   .   W - +5 ring mail "Yneru" {Dex+4 SInv Stlth+}
rPois   .          Reflect  .   b - +2 hat
rElec   .          Harm     .   F - +0 cloak
rCorr   .          Rampage  .   (no gloves)
Will    ++...                   J - +0 pair of boots
Stlth   ++........              A - amulet of faith
HPRegen 0.27/turn               f - +6 ring of dexterity
MPRegen 0.18/turn               H - ring of willpower

@: slowed, heavily drained, very slow
A: no striking features
a: Renounce Religion, Smiting, Recall Orcish Followers


You were on level 12 of the Dungeon.
You worshipped Beogh.
Beogh was greatly pleased with you.
You visited 2 branches of the dungeon, and saw 18 of its levels.
You also visited: Sewer.

You collected 1230 gold pieces.

Inventory:

Hand Weapons
 B - the +14 obsidian axe {vorpal, Mesm Drain Fly SInv, Stormbringer}
   (You found it on level 9 of the Dungeon)

   It inflicts extra damage upon your enemies.
   It occasionally summons demons to assist the wielder when it strikes in
   combat.
   Its wielder is mesmerised by any visible foes.
   It cannot be unequipped while any foes are visible.
   SInv:      It lets you see invisible.
   Fly:       It grants you flight.
   Drain:     It drains your maximum health when unequipped.
 E - the +11 trident of Evolution (weapon) {holy, Int+4}
   (You took it off a spriggan on level 1 of the Lair of Beasts)

   It has been blessed by the Shining One to cause great damage to the undead
   and demons.
   Int:       It affects your intelligence (+4).
Missiles
 m - 2 atropa-tipped darts
 N - 81 poisoned darts
 R - a curare-tipped dart
 S - 5 boomerangs (quivered)
 T - 3 throwing nets
Armour
 b - a +2 hat (worn)
 e - a +2 kite shield (worn)
 F - a +0 cloak (worn)
 J - a +0 pair of boots (worn)
 W - the +5 ring mail "Yneru" (worn) {Dex+4 SInv Stlth+}
   (You found it on level 2 of the Lair of Beasts)

   Dex:       It affects your dexterity (+4).
   SInv:      It lets you see invisible.
   Stlth:     It makes you more stealthy.
Jewellery
 f - a +6 ring of dexterity (left hand)
 A - an amulet of faith (around neck)
 C - a ring of resist corrosion
 H - a ring of willpower (right hand)
 V - an amulet of regeneration
Wands
 a - a wand of mindburst (14)
 p - a wand of flame (85)
 G - a wand of polymorph (22)
 P - a wand of paralysis (13)
 Q - a wand of acid (16)
 X - a wand of digging (7)
Scrolls
 g - a scroll of blinking
 k - 5 scrolls of teleportation
 l - 2 scrolls of summoning
 q - 2 scrolls of enchant weapon {unknown}
 t - 2 scrolls of fog
 u - 3 scrolls of brand weapon
 x - 3 scrolls of fear {unknown}
 y - 3 scrolls of enchant armour {unknown}
 z - a scroll of silence {unknown}
 K - a scroll of torment {unknown}
 L - 3 scrolls of immolation {unknown}
 M - 2 scrolls of acquirement
 O - 4 scrolls of magic mapping {unknown}
Potions
 c - 9 potions of ambrosia
 d - 5 potions of might
 i - 6 potions of flight
 j - 3 potions of berserk rage {unknown}
 n - 3 potions of curing
 o - 3 potions of invisibility
 r - a potion of cancellation {unknown}
 s - a potion of mutation {unknown}
 v - 4 potions of haste
 w - a potion of magic {unknown}
 D - 3 potions of lignification
 I - 3 potions of brilliance
 Y - 2 potions of attraction {unknown}
 Z - a potion of resistance {unknown}
Miscellaneous
 h - a phial of floods


   Skills:
 + Level 14.4 Fighting
 + Level 15.3 Axes
 + Level 0.2(8.3) Polearms
 + Level 13.2 Armour
 + Level 13.1 Shields
 + Level 13.1 Invocations


You had 13 spell levels left.
You didn't know any spells.
Your spell library contained the following spells:

 Spells                   Type           Power      Damage    Failure   Level
 Beastly Appendage        Tmut           0%         N/A       52%         1
 Ensorcelled Hibernation  Hex/Ice        0%         N/A       65%         2
 Scorch                   Fire           0%         2d5       65%         2
 Static Discharge         Conj/Air       0%         N/A       65%         2
 Wereblood                Tmut           0%         N/A       65%         2
 Lesser Beckoning         Tloc           0%         N/A       87%         3
 Portal Projectile        Hex/Tloc       0%         N/A       87%         3
 Spider Form              Tmut/Pois      0%         N/A       87%         3
 Tukima's Dance           Hex            0%         N/A       87%         3
 Airstrike                Air            0%         N/A       99%         4
 Dispel Undead            Necr           0%         3d6       99%         4
 Flame Wave               Conj/Fire      0%         3d3       99%         4
 Sticky Flame             Conj/Fire      0%         2d3       99%         4
 Summon Lightning Spire   Summ/Air       0%         N/A       99%         4
 Blade Hands              Tmut           0%         N/A       100%        5
 Excruciating Wounds      Necr           0%         N/A       100%        5
 Lightning Bolt           Conj/Air       0%         1d11      100%        5
 Statue Form              Tmut/Erth      0%         N/A       100%        6
 Summon Cactus Giant      Summ           0%         N/A       100%        6
 Storm Form               Tmut/Air       0%         N/A       100%        7


Dungeon Overview and Level Annotations

Branches:
Dungeon (12/15)            Temple (0/1) D:6            Lair (6/6) D:11
 Shoals (0/4) Lair:4        Snake (0/4) Lair:3        Slime (0/5) Lair:5
    Orc (0/2) D:12          Sewer (visited)

Altars:
Nemelex Xobeh
Beogh
Jiyva

Shops:
D:1 ?   D:11 *

Annotations:
D:12 exclusion: orange crystal statue
Lair:5 1 runed translucent door


Message History

Your orc priest calls upon Beogh to heal your orc.
Your orc's wounds heal themselves!
Your orc warrior hits the manticore with a +0 flail.
Your orc completely misses the manticore.
Your orc hits the wraith with a +0 club.
You feel much better. The manticore bites your orc!
Your orc dies!
The wraith closely misses you.
Morbeogh hits the wraith from afar with a +0 trident.
The two-headed ogre barely misses you. You block the two-headed ogre's attack.
Your orc priest calls upon Beogh to heal your orc.
Your orc's wounds heal themselves!
Your orc warrior hits the manticore with a +0 flail!
Your orc hits the manticore but does no damage.
The wraith completely misses you.
Morbeogh hits the wraith from afar with a +0 trident.
The two-headed ogre hits you with a +0 giant club.
* * * LOW HITPOINT WARNING * * *
The two-headed ogre hits you with a +0 giant club.
* * * LOW HITPOINT WARNING * * *
Reach: E) +11 trident of Evolution {holy, Int+4}
Press: ? - help, Dir - move target, f/p - orange crystal statue
Aim: an orange crystal statue (almost destroyed, ally target, about 5% to evade the +11 trident of Evolution)
You reach to attack!
You hit the orange crystal statue.
The orange crystal statue is almost destroyed.
The orange crystal statue fixes its piercing gaze on you.
Something tries to feed on your intellect!
You block the manticore's attack. The manticore closely misses you.
The manticore claws you but does no damage.
The wraith barely misses you.
Morbeogh closely misses the wraith.
The orange crystal statue glitters.
Reach: E) +11 trident of Evolution {holy, Int+4}
Press: ? - help, Dir - move target, f/p - orange crystal statue
Aim: an orange crystal statue (almost destroyed, ally target, about 5% to evade the +11 trident of Evolution)
The two-headed ogre is in the way.
You hit the two-headed ogre.
The two-headed ogre is lightly wounded.
The two-headed ogre hits you with a +0 giant club!
* * * LOW HITPOINT WARNING * * *
You block the two-headed ogre's attack. The manticore bites you!
You die...

............#.....#...
#.....#......#.........
#.....#......#..[......
.#............#.........
..............#.........
..............o.........
.........o....##8'8#####
...C.....o....#..)ooo8.)
......(@o..####))o)o..))
.....8OWH.....#...⌠.._..
........oo....#.........
.........)....#......>..
..............##########
..............#
................
................


You could see an orange crystal statue (ally target), a two-headed ogre
(summoned), a manticore (ally target), a cyclops (summoned), a wraith (summoned,
ally target), 2 friendly orc warriors, 2 friendly orc priests, the friendly
Morbeogh the orc priest and a friendly orc.

Vanquished Creatures
  8 hydras
  2 two-headed ogres
  The ghost of Cancer the Destroyer, a journeyman GrCj of Vehumet (Lair:1)
  A cyclops (D:10)
  An orc sorcerer (D:10)
  A merfolk siren (Lair:4)
  2 elephants (Lair:5)
  3 black mambas
  7 cane toads
  An unseen horror (D:11)
  7 komodo dragons
  Psyche (D:10)
  4 rime drakes
  2 kobold demonologists (D:10)
  A queen bee (D:9)
  2 merfolk (Lair:4)
  A troll (D:10)
  4 polar bears
  5 hornets
  24 blink frogs
  2 dream sheep (Lair:6)
  A shadow (D:9)
  13 spriggans
  32 yaks
  6 basilisks
  6 wyverns
  5 steam dragons
  6 vampire mosquitoes (D:10)
  8 wargs (D:10)
  12 water moccasins
  4 orc warriors
  3 sky beasts
  A hornet zombie (D:7)
  2 boggarts (Lair:6)
  2 necrophages (D:7)
  5 black bears
  An ogre (D:6)
  30 wolves
  3 centaurs
  A phantom (D:7)
  13 bullfrogs
  6 kobold brigands
  5 scorpions
  5 gnoll sergeants (D:10)
  A wyvern skeleton (D:6)
  18 killer bees (D:9)
  7 wights
  A vampire bat (D:5)
  8 howler monkeys
  2 electric eels (Lair:5)
  4 centaur zombies
  A bullfrog zombie (D:6)
  2 jellies
  2 orc priests (D:10)
  4 hounds
  A gnoll shaman (D:10)
  Crazy Yiuf (D:2)
  2 bullfrog skeletons
  Jessica (D:2)
  A centaur skeleton (D:6)
  4 iguanas
  Natasha (thrice) (D:2)
  7 orc wizards
  6 hell rats (Lair:6)
  A killer bee zombie (D:7)
  A hound zombie (D:5)
  A hound skeleton (D:4)
  A mummy (D:7)
  9 gnolls
  A howler monkey skeleton (D:5)
  12 adders
  7 river rats
  2 shadow imps (D:7)
  3 white imps
  3 ufetubi
  4 worms
  A dart slug (D:1)
  3 fire bats (D:5)
  16 orcs
  2 spectral bats (D:5)
  5 ball pythons
  15 bats
  3 bat skeletons (D:5)
  A bat zombie (D:5)
  6 endoplasms
  A giant cockroach (D:1)
  5 hobgoblins
  6 jackals
  6 quokkas
  A bat simulacrum (D:5)
  9 frilled lizards
  7 goblins
  29 kobolds
  14 rats
501 creatures vanquished.

Vanquished Creatures (collateral kills)
  Gastronok (Lair:2)
  3 two-headed ogres (D:10)
  A cyclops (D:12)
  An elephant (Lair:5)
  A cane toad (Lair:2)
  A rime drake (Lair:6)
  A kobold demonologist (D:10)
  2 trolls (D:10)
  A merfolk (Lair:4)
  2 polar bears (Lair:6)
  3 blink frogs
  A yak (Lair:2)
  A basilisk (D:11)
  2 wargs (D:10)
  2 water moccasins
  A black bear (Lair:6)
  2 orc warriors (D:10)
  A boggart (Lair:6)
  4 wolves
  A kobold brigand (D:10)
  A bullfrog (Lair:4)
  4 gnoll sergeants (D:10)
  An electric eel (Lair:5)
  2 gnoll shamans (D:10)
  An orc priest (D:12)
  6 orcs (D:12)
47 creatures vanquished.

Vanquished Creatures (others)
  An orc warrior (D:12)
  2 orc priests (D:7)
  3 orc wizards (D:7)
  10 orcs
  A kobold (D:7)
  34 fungi
  43 plants
  6 withered plants (D:7)
100 creatures vanquished.

Grand Total: 648 creatures vanquished

Notes
Turn   | Place    | Note
-------+----------+-------------------------------------------
     0 | D:1      | siradein the Hill Orc Fighter began the quest for the Orb.
     0 | D:1      | Reached XP level 1. HP: 19/19 MP: 1/1
   321 | D:1      | Reached skill level 3 in Axes
   321 | D:1      | Reached XP level 2. HP: 22/27 MP: 2/2
   668 | D:1      | Found a faded altar of an unknown god.
   687 | D:1      | Found Fosaujul's Magic Scroll Shop.
   745 | D:1      | Reached XP level 3. HP: 33/33 MP: 3/3
  1019 | D:2      | Noticed Jessica
  1029 | D:2      | Killed Jessica
  1300 | D:2      | Reached XP level 4. HP: 40/40 MP: 4/4
  1460 | D:2      | Got Wyethap's Almanac of the Shifting Voyage
  1566 | D:2      | Noticed Natasha
  1570 | D:2      | Killed Natasha
  1610 | D:2      | Noticed Natasha
  1627 | D:2      | Killed Natasha
  1628 | D:2      | Reached skill level 4 in Axes
  1628 | D:2      | Reached XP level 5. HP: 13/47 MP: 1/5
  1870 | D:2      | Noticed Natasha
  1883 | D:2      | Found a runed translucent door.
  1884 | D:2      | Noticed Crazy Yiuf
  1897 | D:2      | Killed Natasha
  2039 | D:3      | Found a glowing drain.
  2044 | Sewer    | Entered a sewer
  2284 | Sewer    | Reached XP level 6. HP: 53/55 MP: 4/6
  2376 | Sewer    | Reached skill level 5 in Fighting
  3134 | D:2      | Reached skill level 5 in Axes
  3549 | D:3      | Reached skill level 5 in Armour
  4035 | D:2      | Killed Crazy Yiuf
  4036 | D:2      | Reached skill level 5 in Shields
  4036 | D:2      | Reached XP level 7. HP: 42/61 MP: 2/7
  4670 | D:5      | Entered Level 5 of the Dungeon
  4907 | D:5      | Reached skill level 6 in Axes
  5234 | D:5      | Reached XP level 8. HP: 49/71 MP: 8/8
  5657 | D:5      | Reached skill level 7 in Axes
  6568 | D:6      | Found a staircase to the Ecumenical Temple.
  6690 | D:6      | Reached XP level 9. HP: 67/79 MP: 9/9
  6764 | D:6      | Identified a scroll of acquirement
  6886 | D:6      | Reached skill level 8 in Axes
  7578 | D:7      | Became a worshipper of Beogh the Brigand
  7701 | D:7      | Reached skill level 1 in Invocations
  8651 | D:7      | Reached skill level 9 in Axes
  8700 | D:7      | Reached * piety under Beogh
  8813 | D:7      | Reached XP level 10. HP: 61/90 MP: 10/12
  9898 | D:8      | Reached skill level 5 in Invocations
 10658 | D:9      | Reached skill level 10 in Axes
 11070 | D:9      | Found the +14 obsidian axe {vorpal, Mesm Drain Fly SInv}
 11140 | D:9      | Found a sparkling altar of Nemelex Xobeh.
 11511 | D:9      | Reached skill level 10 in Fighting
 11883 | D:10     | Entered Level 10 of the Dungeon
 11896 | D:10     | Reached XP level 11. HP: 99/99 MP: 15/15
 11972 | D:10     | Noticed a two-headed ogre
 11981 | D:10     | Killed a two-headed ogre
 11986 | D:10     | Reached ** piety under Beogh
 11987 | D:10     | Reached skill level 11 in Axes
 12499 | D:10     | Noticed a two-headed ogre
 12503 | D:10     | Noticed a two-headed ogre
 12510 | D:10     | Killed a two-headed ogre
 12627 | D:10     | Reached skill level 10 in Armour
 12650 | D:10     | Reached skill level 10 in Shields
 12686 | D:10     | Noticed Psyche
 12698 | D:10     | Killed Psyche
 12906 | D:10     | Noticed a soul eater
 12918 | D:10     | Reached *** piety under Beogh
 12947 | D:10     | Killed a two-headed ogre
 12949 | D:10     | Reached XP level 12. HP: 93/110 MP: 14/18
 12950 | D:10     | Noticed a two-headed ogre
 12954 | D:10     | Reached skill level 12 in Axes
 12958 | D:10     | Killed a two-headed ogre
 13371 | D:11     | Noticed a two-headed ogre
 13377 | D:11     | Killed a two-headed ogre
 13515 | D:11     | Found Gelisk's General Store.
 13811 | D:11     | Noticed a five-headed hydra
 13815 | D:11     | Killed a five-headed hydra
 14210 | D:11     | Found a staircase to the Lair.
 14377 | Lair:1   | Entered Level 1 of the Lair of Beasts
 14554 | Lair:1   | Reached skill level 10 in Invocations
 14608 | Lair:1   | Reached skill level 13 in Axes
 14798 | Lair:1   | Found a runed translucent door.
 14801 | Lair:1   | Noticed Cancer's ghost (journeyman GrCj)
 14802 | Lair:1   | Identified the +11 trident of Evolution {holy, Int+4}
 15150 | Lair:2   | Noticed an eight-headed hydra
 15156 | Lair:2   | Killed an 11-headed hydra
 15312 | Lair:2   | Reached XP level 13. HP: 119/119 MP: 20/20
 15441 | Lair:2   | Identified the +2 robe of a bailey {Str+3}
 15462 | Lair:2   | Noticed Gastronok
 15472 | Lair:2   | Killed Gastronok
 15555 | Lair:2   | Identified the +5 ring mail "Yneru" {Dex+4 SInv Stlth+}
 15974 | Lair:3   | You are sucked into a shaft and drop 1 floor!
 15992 | Lair:3   | Found a staircase to the Snake Pit.
 17064 | Lair:4   | Reached skill level 14 in Axes
 17382 | Lair:4   | Found a staircase to the Shoals.
 17787 | Lair:5   | Identified the +0 robe "Cuidej" {Drain rN+ Int+4}
 17982 | Lair:5   | Reached XP level 14. HP: 108/130 MP: 23/23
 18297 | Lair:5   | Found a runed translucent door.
 18298 | Lair:5   | Noticed an acid blob
 18299 | Lair:5   | Found a viscous altar of Jiyva.
 18301 | Lair:5   | Found a staircase to the Slime Pits.
 18302 | Lair:5   | Noticed an acid blob
 18302 | Lair:5   | Noticed an acid blob
 18610 | Lair:6   | Entered Level 6 of the Lair of Beasts
 19119 | Lair:6   | Reached skill level 15 in Axes
 19214 | Lair:6   | Reached **** piety under Beogh
 19229 | Lair:6   | Gained Morbeogh as an ally
 19913 | Lair:1   | Killed Cancer's ghost
 20098 | D:12     | Found a staircase to the Orcish Mines.
 20099 | D:12     | Found a roughly hewn altar of Beogh.
 20145 | D:12     | HP: 3/107 [two-headed ogre[an orange crystal statue] (17)]
 20145 | D:12     | Mangled by a manticore

Illustrated notes

Levels and vault maps discovered:
D:1:      nzn_arrival_crosshair, layout_basic, basic_ecumenical_altar,
          serial_shops, nicolae_shop_crystal
D:2:      layout_basic, uniq_natasha, uniq_jessica, uniq_crazy_yiuf_cottage
D:3:      layout_basic, lightli_sewer_entry_pipes, cheibrodos_gnoll_hut
D:4:      layout_rooms, minivault_24, minmay_box_of_dots
D:5:      layout_loops_corners, grunt_ministairs_6, abandoned_shop,
          wad_floor_pattern_2, goddamned_bats
D:6:      layout_gridville, minmay_temple_entry_fiery, serial_glass,
          glass_columns_a, glass_columns_a, glass_columns_a, glass_columns_c,
          glass_columns_a, glass_columns_a, glass_columns_a, glass_columns_a,
          nicolae_ossuary_entry_false_entrances
D:7:      layout_loops_ring, serial_undead, serial_undead_c, serial_undead_f,
          serial_undead_b, serial_undead_a
D:8:      layout_cave_pools, amethyst_killhole
D:9:      layout_roguey, mainiacjoe_overflow_catwalk, special_room
          [special_room_bee], hangedman_decor_clover_reticule,
          dreamdust_deal_with_the_devil, dk_rats_in_the_wall
D:10:     lemuel_castle_with_subvaults [lemuel_castle_interior_carwin_3],
          layout_irregular_city, kennysheep_generic_room_13, uniq_psyche
D:11:     layout_stronghold, erik_lair_dragon, nicolae_stop_n_shop_1
D:12:     layout_grid_maze, david_orc_5, minivault_16
Lair:1:   layout_chaotic_city, ebering_ghost_funeral_grove, st_stairs_8,
          infiniplex_staircase_pool_2
Lair:2:   layout_roguey, grunt_megastairs_4, uniq_gastronok
Lair:3:   layout_long_grid, dummy_snake_entry
Lair:4:   layout_long_grid, elwin_shoals_entry_stream, lemuel_fruit_fields,
          grunt_megastairs_3, lemuel_fruit_fields, lemuel_fruit_tree
Lair:5:   layout_gridlike, slime_altar_2, serial_bayou_shore_b,
          infiniplex_staircase_pool, serial_bayou_shore_a, serial_bayou_shore_b
Lair:6:   minmay_lair_end_enchanted_forest, layout_long_grid,
          grunt_forest_stairs_basic

Skill      XL: |  1  2  3  4  5  6  7  8  9 10 11 12 13 14 |
---------------+-------------------------------------------+-----
Axes           | 3 4 5 6 7 9 10 11 13 14 15 | 15.3
Fighting       | 4 5 6 7 8 10 11 12 13 14 | 14.4
Armour         | 4 5 6 8 9 10 11 12 13 | 13.2
Shields        | 4 5 6 8 9 10 11 12 13 | 13.1
Invocations    | 3 6 8 10 12 13 | 13.1
Polearms       | |  0.2

Action                   |  1- 3 |  4- 6 |  7- 9 | 10-12 | 13-15 || total
-------------------------+-------+-------+-------+-------+-------++-------
Melee: War axe           |    83 |    51 |       |    33 |       ||   167
       Rapier            |       |   183 |   343 |     3 |       ||   529
       Spear             |       |    37 |   245 |    68 |       ||   350
       Broad axe         |       |       |       |   234 |   358 ||   592
       Morningstar       |       |       |       |    32 |       ||    32
       Trident           |       |       |       |       |    12 ||    12
Throw: Dart              |       |       |       |     7 |       ||     7
       Boomerang         |       |       |       |       |    11 ||    11
Invok: Convert to Beogh  |       |       |     1 |       |       ||     1
       Smiting           |       |       |       |     7 |    19 ||    26
       Recall Orcish Fol |       |       |       |       |     2 ||     2
  Use: Scroll            |       |       |     3 |     9 |     2 ||    14
       Potion            |       |       |       |       |     2 ||     2
 Stab: Distracted        |       |       |       |     1 |     2 ||     3
       Sleeping          |       |       |       |       |     3 ||     3
Armor: Scale mail        |    36 |    84 |   272 |    53 |       ||   445
       Steam dragon scal |       |       |       |    43 |       ||    43
       Chain mail        |       |       |       |    10 |       ||    10
       Plate armour      |       |       |       |    61 |    11 ||    72
       Ring mail         |       |       |       |       |   107 ||   107
Dodge: Dodged            |    31 |   125 |   172 |   133 |    93 ||   554
Block: Buckler           |    17 |    47 |     3 |       |       ||    67
       Kite shield       |       |       |   236 |   211 |   269 ||   716

Table legend: (Time is in decaauts)
 A = Elapsed time spent in this place.
 B = Non-inter-level travel time spent in this place.
 C = Inter-level travel time spent in this place.
 D = Time resting spent in this place.
 E = Time spent auto-exploring this place.
 F = Levels seen in this place.
 G = Mean time per level.
                   A        B        C        D        E       F      G
               +--------+--------+--------+--------+--------+-----+--------+
         Total |  20299 |  19620 |    679 |   1091 |  14412 |  19 | 1068.4 |
       Dungeon |  14027 |  13624 |    403 |   1091 |   9574 |  12 | 1168.9 |
          Lair |   5565 |   5290 |    275 |      0 |   4339 |   6 |  927.5 |
         Sewer |    705 |    705 |      0 |      0 |    499 |   1 |  705.0 |
               +--------+--------+--------+--------+--------+-----+--------+

Top non-repeatable levels by time:
     D:7: 2179 daAuts
     D:5: 1571 daAuts
     D:2: 1443 daAuts
    D:10: 1345 daAuts
     D:6: 1343 daAuts
     D:9: 1332 daAuts
    D:11: 1258 daAuts
  Lair:6: 1153 daAuts
  Lair:3: 1054 daAuts
     D:1: 1033 daAuts
     D:3: 999 daAuts
  Lair:5: 882 daAuts
  Lair:2: 854 daAuts
  Lair:1: 837 daAuts
     D:8: 827 daAuts
